 Dungeon Crawl Stone Soup version 0.31-a0-4-gefa6de2278 (webtiles) character file.

Game seed: 6655897841177275560

948 Hubris850 the Insei (level 7, -4/55 HPs)
             Began as a Grey Draconian Transmuter on May 3, 2023.
             Was an Initiate of Nemelex Xobeh.
             Succumbed to a hornet's poison
             ... on level 4 of the Dungeon.
             The game lasted 00:14:47 (4475 turns).

Hubris850 the Insei (Grey Draconian Transmuter)     Turns: 4475, Time: 00:14:48

Health: -4/55      AC: 12    Str: 12    XL:     7   Next: 89%
Magic:  12/12      EV: 13    Int: 17    God:    Nemelex Xobeh [......]
Gold:   296        SH:  5    Dex: 18    Spells: 8/13 levels left

rFire   . . .        i - +6 scimitar of Kismet {chaos, Int+2 Dex+6}
rCold   . . .        e - +0 buckler
rNeg    . . .        (body armour unavailable)
rPois   .            (helmet restricted)
rElec   .            (no cloak)
rCorr   .            b - +0 pair of gloves
SInv    .            (no boots)
Will    .....        (no amulet)
Stlth   ++           (no ring)
HPRegen 0.29/turn    (no ring)
MPRegen 0.13/turn

%: no passive effects
@: lethally poisoned (-4 -> -22), slowed, very slow
A: AC +11, amphibious, unfitting armour, cold-blooded
a: Renounce Religion, Draw Escape, Draw Destruction, Draw Summoning


You were on level 4 of the Dungeon.
You worshipped Nemelex Xobeh.
Nemelex Xobeh was noncommittal.
You visited 2 branches of the dungeon, and saw 6 of its levels.

You collected 346 gold pieces.
You spent 50 gold pieces at shops.

Inventory:

Hand Weapons
 i - the +6 scimitar of Kismet (weapon) {chaos, Int+2 Dex+6}
   (You found it on level 2 of the Dungeon)

   Int:       It affects your intelligence (+2).
   Dex:       It affects your dexterity (+6).
 u - a +1 demon trident of venom
Missiles
 h - 5 silver boomerangs
 o - a throwing net
 s - 8 poisoned darts
Armour
 b - a +0 pair of gloves (worn)
 e - a +0 buckler (worn)
Magical Staves
 d - a staff of cold
 t - a staff of death
Jewellery
 y - an amulet of guardian spirit
Wands
 r - a wand of flame (2)
 v - a wand of polymorph (7)
 x - a wand of digging (6)
Scrolls
 c - 2 scrolls of teleportation
 g - a scroll of fear
 j - a scroll of brand weapon
 l - a scroll of poison {unknown}
 m - a scroll of enchant weapon {unknown}
 n - a scroll of torment {unknown}
 w - a scroll of amnesia {unknown}
Potions
 a - a potion of lignification
 f - 3 potions of flight
 k - a potion of might {unknown}
 p - 3 potions of attraction
 q - a potion of berserk rage {unknown}


   Skills:
 - Level 2.0 Fighting
 - Level 3.2 Dodging
 - Level 3.0 Shields
 - Level 5.0 Unarmed Combat
 + Level 3.9 Spellcasting
 + Level 4.1 Transmutations
 + Level 3.5 Ice Magic


You had 8 spell levels left.
You knew the following spells:

 Your Spells              Type           Power      Damage    Failure   Level
a - Beastly Appendage     Tmut           34%        N/A       3%          1
b - Ice Form              Ice/Tmut       16%        N/A       41%         4

Your spell library contained the following spells:

 Spells                   Type           Power      Damage    Failure   Level
 Wereblood                Tmut           17%        N/A       6%          2
 Spider Form              Tmut/Pois      10%        N/A       26%         3
 Blink                    Tloc           6%         N/A       32%         2
 Lesser Beckoning         Tloc           6%         N/A       32%         2
 Momentum Strike          Conj/Tloc      6%         3d8       32%         2
 Gell's Gravitas          Tloc           3%         N/A       54%         3
 Teleport Other           Tloc           3%         N/A       54%         3
 Cause Fear               Hex            1%         N/A       91%         4
 Dragon Form              Tmut           8%         N/A       100%        7
 Dragon's Call            Summ           1%         N/A       100%        9


Dungeon Overview and Level Annotations

Branches:
Dungeon (5/15)             Temple (1/1) D:4

Altars:
Cheibriados
Dithmenos
Elyvilon
Fedhas
Gozag
Makhleb
Nemelex Xobeh
Qazlal
Trog
Vehumet
Wu Jian
Xom

Shops:
D:1 ?


Innate Abilities, Weirdness & Mutations

Your dull iron-grey scales are very hard. (AC +11)
You are amphibious.
You cannot fit into any form of body armour.
You are cold-blooded and may be slowed by cold attacks.


Message History

You slash the orc!
You kill the orc!
You closely miss the hornet.
You tail-slap the hornet, but do no damage.
The hornet barely misses you. You block the hornet's attack.
You closely miss the hornet.
You tail-slap the hornet, but do no damage.
The hornet closely misses you.
An orc comes into view. It is wielding a +0 flail.
The hornet stings you but does no damage.
The orc moves out of view.
You slash the hornet!
The hornet is moderately wounded.
The hornet completely misses you. You block the hornet's attack.
You closely miss the hornet.
The hornet is moderately wounded.
A centaur comes into view.
The hornet stings you!
You suddenly lose the ability to move!
The hornet stings you!
You feel yourself slow down.
You feel yourself speed up. The hornet stings you.
You feel yourself slow down. The hornet stings you.
You are poisoned.
You feel as though you will be slow longer.
You can move again.
Unknown command.
Unknown command.
You feel very sick. The hornet stings you!
* * * LOW HITPOINT WARNING * * *
You feel as though you will be slow longer.
The centaur wields a +0 shortbow.
The centaur shoots an arrow.
The arrow hits you.
* * * LOW HITPOINT WARNING * * *
The hornet stings you.
* * * LOW HITPOINT WARNING * * *
You are more poisoned.
You feel as though you will be slow longer.
You climb upwards.
You die...
Your body disappears without a glow.

~~~~##.......# #.#
~~~~♣#.......# #.#
~~♣~##.......# #####.#
≈~~###.......## #.....# ~~~#
#........# #.##..###########
♣♣~#
#......#.###................
♣##
########...#.#.............#
###..y#.####⌠.⌠.###.#
#..@.#......_..# #.# ♣##
##### #.#..##.###⌠.⌠## #.#
♣♣~###♣♣~~~###............##
#.#
~~~♣~♣~~~~~~##.#####.######
#.# ~≈~~~~~~~~~~♣#.## #.#
#.# ≈~~~~~P~~~~~~~..########
#.# .......................#
#.# ~~~~~P~~~~~~~~..######.#
#.# P≈~♣♣♣♣~~~~P~~..#
#.########!#


You could see a hornet.

Vanquished Creatures
  A phantom (D:4)
  A gnoll sergeant (D:3)
  A howler monkey (D:3)
  A hound (D:4)
  A gnoll bouda (D:3)
  Ijyb (D:3)
  Jessica (D:3)
  Terence (D:2)
  Natasha (thrice) (D:2)
  2 orc wizards (D:3)
  30 gnolls
  4 adders
  A white imp (D:3)
  3 worms
  4 dart slugs
  21 orcs
  4 endoplasms
  4 giant cockroaches
  6 goblins
  6 hobgoblins
  26 jackals
  10 kobolds
  8 quokkas
  9 ball pythons
  A bat (D:3)
  3 frilled lizards (D:1)
  7 rats
160 creatures vanquished.

Vanquished Creatures (others)
  6 plants
6 creatures vanquished.

Grand Total: 166 creatures vanquished

Notes
Turn   | Place    | Note
-------+----------+-------------------------------------------
     0 | D:1      | Hubris850 the Draconian Transmuter began the quest for the
                  | Orb.
     0 | D:1      | Reached XP level 1. HP: 16/16 MP: 3/3
    62 | D:1      | Reached XP level 2. HP: 3/23 MP: 3/5
   370 | D:1      | Reached XP level 3. HP: 26/29 MP: 6/6
   781 | D:1      | Found Hazxo's Magic Scroll Shoppe.
   794 | D:1      | Bought a scroll of identify for 20 gold pieces
   797 | D:1      | Bought a scroll of teleportation for 30 gold pieces
   939 | D:1      | Found a faded altar of an unknown god.
  1052 | D:2      | Reached skill level 1 in Shields
  1254 | D:2      | Identified the +6 scimitar of Kismet {chaos, Int+2 Dex+6}
  1353 | D:2      | Noticed Natasha
  1364 | D:2      | Killed Natasha
  1365 | D:2      | Reached XP level 4. HP: 25/36 MP: 5/7
  1527 | D:2      | Noticed Natasha
  1534 | D:2      | Killed Natasha
  1535 | D:2      | Reached skill level 4 in Unarmed Combat
  1535 | D:2      | Reached XP level 5. HP: 32/41 MP: 6/8
  1572 | D:2      | Noticed Natasha
  1629 | D:2      | Noticed Terence
  1663 | D:2      | Killed Terence
  1844 | D:2      | Killed Natasha
  2187 | D:3      | Noticed Ijyb
  2200 | D:3      | Killed Ijyb
  2201 | D:3      | Reached skill level 5 in Unarmed Combat
  2201 | D:3      | Reached XP level 6. HP: 39/48 MP: 7/9
  2399 | D:3      | Noticed Jessica
  2404 | D:3      | Killed Jessica
  2467 | D:3      | Reached skill level 1 in Ice Magic
  2610 | D:3      | Your scales start taking on a dull iron-grey colour.
  2610 | D:3      | Reached XP level 7. HP: 43/55 MP: 11/11
  2894 | D:3      | Learned a level 4 spell: Ice Form
  3487 | D:4      | Found a sparkling altar of Nemelex Xobeh.
  3729 | D:4      | Found a staircase to the Ecumenical Temple.
  3735 | Temple   | Entered the Ecumenical Temple
  3871 | D:4      | Became a worshipper of Nemelex Xobeh the Trickster
  4467 | D:5      | Entered Level 5 of the Dungeon
  4467 | D:5      | Noticed a hornet
  4472 | D:5      | Paralysed by a hornet for 2 turns
  4475 | D:4      | Succumbed to a hornet's poison

Illustrated notes

Levels and vault maps discovered:
D:1:      minmay_arrival_cross, layout_basic, hellmonk_ecumenical_altar_zigzags,
          serial_shops, nicolae_shop_rolled_up, serial_corexii_hall,
          corexii_hall_statues_deadend, corexii_hall_statues_t
D:2:      layout_basic, uniq_terence, uniq_natasha
D:3:      lemuel_castle_with_subvaults [lemuel_castle_interior_original],
          layout_basic, uniq_ijyb, uniq_jessica
D:4:      layout_basic, nemelex_xobeh_ov_fountains_minmay, temple_green,
          serial_bayou, serial_bayou_crossing, serial_bayou_pond_e,
          serial_bayou_lake_a, serial_bayou_pond_a, serial_bayou_lagoon_b,
          serial_bayou_pond_e
D:5:      cheibrodos_quashed, layout_rooms, mainiacjoe_overflow_small_starburst,
          serial_shops, nicolae_shop_back_alley_shop,
          nicolae_shop_tiny_real_fake_doors, nicolae_shop_bloodbath_and_beyond,
          shop, nicolae_shop_tiny_waterfront, minmay_misc_feat_room
Temple:   regret_index_temple_chain_breaker

Skill      XL: |  1  2  3  4  5  6  7 |
---------------+----------------------+-----
Dodging        | 2 3 |  3.2
Fighting       | 2 |  2.0
Shields        | 1 2 3 |  3.0
Unarmed Combat | 4 5 |  5.0
Ice Magic      | 2 3 |  3.5
Transmutations | 3 4 |  4.1
Spellcasting   | 3 |  3.9

Action                     |  1- 3 |  4- 6 |  7- 9 || total
---------------------------+-------+-------+-------++-------
  Melee: Unarmed           |   136 |       |       ||   136
         Kick              |    15 |     8 |       ||    23
         Tailslap          |    13 |    17 |    12 ||    42
         Scimitar          |     4 |   121 |   108 ||   233
         Headbutt          |     1 |     5 |     1 ||     7
  Throw: Boomerang         |     1 |       |       ||     1
   Cast: Beastly Appendage |    10 |    12 |     1 ||    23
    Use: Scroll            |     3 |     2 |     1 ||     6
   Stab: Paralysed         |       |     1 |       ||     1
         Sleeping          |       |       |     3 ||     3
         Distracted        |       |       |     1 ||     1
 Armour: Skin              |    35 |    42 |    21 ||    98
  Dodge: Dodged            |    81 |    83 |    50 ||   214
  Block: Buckler           |    14 |    38 |    24 ||    76

Table legend: (Time is in decaauts)
 A = Elapsed time spent in this place.
 B = Non-inter-level travel time spent in this place.
 C = Inter-level travel time spent in this place.
 D = Time resting spent in this place.
 E = Time spent auto-exploring this place.
 F = Levels seen in this place.
 G = Mean time per level.
                   A        B        C        D        E       F      G
               +--------+--------+--------+--------+--------+-----+--------+
         Total |   4586 |   4381 |    205 |    298 |   2709 |   6 |  764.3 |
       Dungeon |   4531 |   4337 |    194 |    298 |   2709 |   5 |  906.2 |
        Temple |     55 |     44 |     11 |      0 |      0 |   1 |   55.0 |
               +--------+--------+--------+--------+--------+-----+--------+

Top non-repeatable levels by time:
     D:3: 1526 daAuts
     D:1: 1023 daAuts
     D:2: 999 daAuts
     D:4: 971 daAuts
  Temple: 55 daAuts
     D:5: 10 daAuts
